 Dungeon Crawl Stone Soup version 0.28.0-43-g3370ac3207 (webtiles) character file.

Game seed: 13162812517937069085

259 pkoi the Gusty (level 5, 0/38 HPs)
             Began as a Draconian Air Elementalist on Mar 15, 2022.
             Was an Initiate of Hepliaklqana.
             Slain by an ice beast (2 damage)
             ... on level 4 of the Dungeon.
             The game lasted 00:04:23 (4585 turns).

pkoi the Gusty (Draconian Air Elementalist)         Turns: 4585, Time: 00:04:24

Health: 0/38       AC:  6    Str: 10    XL:     5   Next: 95%
Magic:  1/8        EV: 12    Int: 17    God:    Hepliaklqana [......]
Gold:   168        SH:  0    Dex: 12    Spells: 7/8 levels left

rFire   . . .      SeeInvis .   i - +2 battleaxe (vorpal)
rCold   . . .      Faith    .   (shield currently unavailable)
rNeg    . . .      Spirit   .   (armour unavailable)
rPois   .          Reflect  .   (helmet restricted)
rElec   .          Harm     .   e - +0 cloak
rCorr   .          Rampage  .   (no gloves)
Will    .....                   (no boots)
Stlth   ++........              (no amulet)
HPRegen 0.12/turn               (no ring)
MPRegen 0.11/turn               (no ring)

@: very slightly contaminated, slowed, very slow
A: AC +5, unfitting armour, cold-blooded, hooves 1
a: Renounce Religion


You were on level 4 of the Dungeon.
You worshipped Hepliaklqana.
Hepliaklqana was noncommittal.
You visited 1 branch of the dungeon, and saw 4 of its levels.

You collected 168 gold pieces.

Inventory:

Hand Weapons
 a - a +1 dagger of draining
 b - a +0 mace
 i - a +2 vorpal battleaxe (weapon)
Armour
 e - a +0 cloak (worn)
Wands
 d - a wand of flame (18)
 m - a wand of charming (13)
Scrolls
 c - a scroll of fear
 h - a scroll of identify
Potions
 f - a potion of lignification
 g - a potion of invisibility
 j - 2 potions of curing
 k - a potion of ambrosia
 l - a potion of magic


   Skills:
 - Level 1.7 Dodging
 - Level 1.7 Stealth
 - Level 2.0 Spellcasting
 - Level 1.0 Conjurations
 + Level 6.7 Air Magic


You had 7 spell levels left.
You knew the following spells:

 Your Spells              Type           Power      Damage    Failure   Level
a - Shock                 Conj/Air       56%        1d6       4%          1

Your spell library contained the following spells:

 Spells                   Type           Power      Damage    Failure   Level
 Swiftness                Air            24%        N/A       3%          3
 Static Discharge         Conj/Air       14%        N/A       6%          2
 Airstrike                Air            12%        N/A       12%         4
 Sandblast                Erth           2%         2d4       19%         1
 Passwall                 Tmut/Erth      0%         N/A       28%         2
 Stone Arrow              Conj/Erth      6%         3d7       43%         3


Dungeon Overview and Level Annotations

Branches:
Dungeon (4/15)
 Temple: D:4-7

Altars:
Fedhas
Hepliaklqana
Nemelex Xobeh
Ru

Shops:
D:2 *


Innate Abilities, Weirdness & Mutations

Your plain brown scales are hard. (AC +5)
You cannot fit into any form of body armour.
You are cold-blooded and may be slowed by cold attacks.
You have large cloven feet.


Message History

The ice beast is moderately wounded.
The ice beast closely misses you. The ice beast hits you.
The ice beast freezes you.
You feel yourself slow down.
You slash the ice beast!
You kick the ice beast, but do no damage.
The ice beast is heavily wounded.
You feel yourself speed up. The ice beast barely misses you. x2
The ice beast hits you but does no damage.
You slash the ice beast! Your kick misses the ice beast.
Your tail-slap misses the ice beast.
The ice beast is almost dead.
The ice beast barely misses you.
You barely miss the ice beast.
You tail-slap the ice beast, but do no damage.
The ice beast is almost dead.
The ice beast hits you.
* * * LOW HITPOINT WARNING * * *
The ice beast freezes you!
* * * LOW HITPOINT WARNING * * *
The ice beast hits you.
* * * LOW HITPOINT WARNING * * *
The ice beast freezes you!
* * * LOW HITPOINT WARNING * * *
Unknown command.
You closely miss the ice beast. Your kick misses the ice beast.
The ice beast is almost dead.
The ice beast hits you but does no damage.
The ice beast hits you.
* * * LOW HITPOINT WARNING * * *
The ice beast freezes you!
You feel yourself slow down.
* * * LOW HITPOINT WARNING * * *
Aiming: Shock (safe; 4% risk of failure)
Press: ? - help, Q - select action, (/) - cycle Shift-Dir - straight line, f/p - ice beast
Aim: an ice beast (almost dead, 71% to hit)
You miscast Shock.
You are very lightly contaminated with residual magic.
Nothing appears to happen.
The ice beast hits you.
You die...

########################
.......................#
.......................#
###.............@......#
..#.............Y......#
..#....................#
_.#....................#
..#....[...............#
..#....................#
###.........)..........#
.......................#
...........


You could see an ice beast.

Vanquished Creatures
  A necrophage (D:4)
  A bullfrog zombie (D:4)
  2 iguanas (D:4)
  Robin (D:4)
  2 adders
  2 orcs
  5 endoplasms
  4 giant cockroaches
  11 goblins
  7 hobgoblins
  4 jackals (D:3)
  2 kobolds
  3 quokkas
  6 ball pythons
  3 bats
  5 rats
59 creatures vanquished.

Notes
Turn   | Place    | Note
-------+----------+-------------------------------------------
     0 | D:1      | pkoi the Draconian Air Elementalist began the quest for the
                  | Orb.
     0 | D:1      | Reached XP level 1. HP: 14/14 MP: 3/3
   333 | D:1      | Found a faded altar of an unknown god.
   422 | D:1      | Reached XP level 2. HP: 8/20 MP: 0/5
   961 | D:1      | Gained mutation: Your mind is acute. (Int +2) [potion of
                  | mutation]
   961 | D:1      | Lost mutation: Your mind is acute. (Int +2) [potion of
                  | mutation]
   961 | D:1      | Gained mutation: You have large cloven feet. [potion of
                  | mutation]
  1259 | D:2      | Found Dip Argh's General Store.
  1546 | D:2      | Reached skill level 4 in Air Magic
  2158 | D:3      | Reached XP level 3. HP: 26/26 MP: 3/6
  2251 | D:3      | Found a sparkling altar of Nemelex Xobeh.
  2384 | D:3      | Found a blossoming altar of Fedhas.
  2461 | D:3      | Identified the +5 ring mail of Solot {Drain Int+10}
  2564 | D:3      | Found a sacrificial altar of Ru.
  2610 | D:3      | Became a worshipper of Ru the Awakened
  3363 | D:4      | Reached skill level 5 in Air Magic
  3363 | D:4      | Reached XP level 4. HP: 27/33 MP: 0/7
  3800 | D:4      | Noticed Robin
  3969 | D:4      | Killed Robin
  4153 | D:4      | Noticed a necrophage
  4187 | D:4      | Killed a necrophage
  4188 | D:4      | Reached skill level 6 in Air Magic
  4188 | D:4      | Reached XP level 5. HP: 32/38 MP: 1/8
  4417 | D:4      | Found a hazy altar of Hepliaklqana.
  4425 | D:4      | Fell from the grace of Ru
  4425 | D:4      | Became a worshipper of Hepliaklqana the Forgotten
  4572 | D:4      | Noticed an ice beast
  4585 | D:4      | Slain by an ice beast

Illustrated notes

Levels and vault maps discovered:
D:1:      eino_arrival_cavern_e, layout_loops_cross,
          dreamdust_ecumenical_altar_angels_and_demons
D:2:      layout_basic, serial_shops, nicolae_diamond_shop, minivault_14
D:3:      layout_loops_corners, amcnicky_altar_gilded,
          mainiacjoe_overflow_swirl, minmay_misc_feat_rows, supply_closet_lemuel
D:4:      layout_gridville, mainiacjoe_overflow_alcove_1, uniq_robin

Skill      XL: |  1  2  3  4 |
---------------+-------------+-----
Air Magic      | 4 5 6 |  6.7
Dodging        | |  1.7
Stealth        | |  1.7
Spellcasting   | |  2.0
Conjurations   | |  1.0

Action                   |  1- 3 |  4- 6 || total
-------------------------+-------+-------++-------
Melee: Mace              |    14 |       ||    14
       Unarmed           |     5 |       ||     5
       Tailslap          |     4 |     1 ||     5
       Punch             |     1 |       ||     1
       Dagger            |    15 |    11 ||    26
       Kick              |     2 |     5 ||     7
       Battleaxe         |       |     9 ||     9
 Cast: Shock             |    77 |    46 ||   123
  Use: Scroll            |     5 |       ||     5
       Potion            |     5 |       ||     5
 Stab: Sleeping          |     1 |       ||     1
Armor: Skin              |    11 |    18 ||    29
Dodge: Dodged            |    33 |    17 ||    50
